Cogmind - Beta 12 @@@ ROGUE MODE // 2023.04.03 @ 00:58:13 Player: dhtilly Result: Destroyed by G-47 Trooper with Particle Gun Performance ------------- Evolutions (0) 0 Regions Visited (4) 800 Robots Destroyed (30) 150 Value Destroyed (774) 774 Prototype IDs (23) 460 Alien Tech Used (0) 0 Bonus (300) 300 TOTAL SCORE: 2484 Bonus ------- Aligned with FarCom 300 Cogmind --------- Core Integrity 0/250 Matter 256/300 Energy 250/250 System Corruption 0% Temperature Cool (9) Movement Treading (240) Ox1 Location -9/Mines Parts ------- > --- POWER (1) -------- Ion Engine > --- PROPULSION (2) --- Light Treads Light Treads > --- UTILITY (2) ------ High-capacity Storage Unit Seismic Detector > --- WEAPON (2) ------- Assault Rifle Makeshift Shrapnel Gun > --- INVENTORY (20) --- Light Treads Wheel Compact Wheel Humpback High-capacity Matter Pod (200) Experimental Sensor Array Utility Shielding Tractor Beam YOLO Cannon Light Assault Rifle Light Assault Rifle Grenade Launcher Grenade Launcher Rocket Launcher Hammer Peak State ------------ > --- POWER ------------ Ion Engine > --- PROPULSION ------- Light Treads Light Treads > --- UTILITY ---------- High-capacity Storage Unit Seismic Detector > --- WEAPON ----------- Assault Rifle Makeshift Shrapnel Gun > --- INVENTORY -------- Light Treads Wheel Compact Wheel Humpback High-capacity Matter Pod Experimental Sensor Array Tractor Beam YOLO Cannon Light Assault Rifle Light Assault Rifle Grenade Launcher Grenade Launcher Rocket Launcher Hammer [Rating: 14] Favorites ----------- Power Ion Engine Engine Ion Engine Propulsion Light Treads Treads Light Treads Wheel Wheel Utility Seismic Detector Device Seismic Detector Storage Large Storage Unit Weapon Light Assault Rifle Ballistic Gun Light Assault Rifle Launcher Grenade Launcher Impact Weapon Hammer Build | -11 -10 -10 -10 -9 ------- Run | Jun Mat Min Exi Min Slots Evolved . | . . . . . Power . | . . . . . Propulsion . | . . . . . Utility . | . . . . . Weapon . | . . . . . Parts Attached 28 | 5 13 2 3 5 Power 4 | 1 2 . . 1 Engine 4 | 1 2 . . 1 Core . | . . . . . Reactor . | . . . . . Propulsion 7 | 2 2 . 2 1 Treads 5 | 2 2 . . 1 Leg . | . . . . . Wheel 2 | . . . 2 . Hover . | . . . . . Flight . | . . . . . Utility 5 | . 4 . 1 . Device 1 | . 1 . . . Storage 4 | . 3 . 1 . Processor . | . . . . . Hackware . | . . . . . Protection . | . . . . . Artifact . | . . . . . Weapon 12 | 2 5 2 . 3 Energy Gun . | . . . . . Energy Cannon . | . . . . . Ballistic Gun 9 | 2 4 1 . 2 Ballistic Cannon . | . . . . . Launcher 2 | . . 1 . 1 Special Weapon . | . . . . . Impact Weapon 1 | . 1 . . . Slashing Weapon . | . . . . . Piercing Weapon . | . . . . . Special Melee Weapon . | . . . . . Unidentified Prototypes . | . . . . . Parts Lost 3 | . 1 . . 2 Power 1 | . . . . 1 Propulsion 1 | . 1 . . . Utility . | . . . . . Weapon 1 | . . . . 1 Highest Loss Streak 2 | . 1 . . 2 To Critical Strikes . | . . . . . Average Slot Usage (%) 98 | . 95 100 100 99 Engine 13 | . 14 14 14 13 Treads 27 | . 28 28 26 24 Device 12 | . 10 14 14 14 Storage 13 | . 13 14 14 14 Ballistic Gun 27 | . 27 27 28 27 Naked Turns . | . . . . . Heaviest Build 51 | 7 29 31 49 51 Greatest Support 40 | 40 40 40 40 40 Greatest Overweight (x) 5 | 2 . . 4 5 Average Overweight (x) . | . . . . 2 Largest Inventory Capacity 20 | 5 15 15 20 20 Average Capacity 14 | 5 10 15 15 20 Most Carried 18 | 5 13 14 17 18 Average Carried 12 | 3 8 13 14 16 Final Capacity 20 | 5 15 15 20 20 Final Carried 17 | 5 13 14 17 17 Class Distribution -------------------- 96% | Mutant 3% | Scavenger-Mutant Dominant Class ---------------- Mutant | -10/Materials Mutant | -10/Mines Mutant | -10/Exiles Mutant | -9/Mines Resources | -11 -10 -10 -10 -9 ----------- Run | Jun Mat Min Exi Min Matter Collected 994 | 250 473 123 . 148 Remotely . | . . . . . Salvage Created 907 | . 643 107 . 157 Parts 68 | . 47 8 . 13 Haulers Intercepted 2 | . 2 . . . Recyclers Shooed . | . . . . . Parts Field Recycled . | . . . . . Retrieved Matter . | . . . . . Parts Self-Destructed . | . . . . . Prevented . | . . . . . Kills | -11 -10 -10 -10 -9 ------- Run | Jun Mat Min Exi Min Combat Hostiles Destroyed 27 | . 15 5 . 7 Guns 22 | . 15 3 . 4 AOE 5 | . . 2 . 3 Classes Destroyed 4 | . 4 . . . Hauler 2 | . 2 . . . Watcher 1 | . 1 . . . Swarmer 9 | . 3 3 . 3 Grunt 18 | . 12 2 . 4 Best Kill Streak 3 | . 3 2 . 3 Combat Bots Only 3 | . 3 2 . 3 Max Kills in Single Turn 1 | . 1 1 . 1 Gunslinging . | . . . . . Exploded 1 | . . 1 . 1 Melee . | . . . . . Uniques/NPCs Destroyed . | . . . . . Combat | -11 -10 -10 -10 -9 -------- Run | Jun Mat Min Exi Min Damage Taken 1258 | . 580 182 . 496 Core 257 | . 105 40 . 112 Absorbed by Shields . | . . . . . Regen/Repaired (Parts) 103 | . 103 . . . Core Remaining (%) 100 | 100 . . . . Volleys Fired 113 | . 81 14 . 18 Largest 2 | . 2 2 . 2 Hottest 44 | . 40 40 . 44 Shots Fired 218 | . 162 25 . 31 Gun 210 | . 162 22 . 26 Cannon . | . . . . . Launcher 8 | . . 3 . 5 Special . | . . . . . Kinetic 210 | . 162 22 . 26 Thermal . | . . . . . Explosive 8 | . . 3 . 5 Electromagnetic . | . . . . . Robot Hit Streak 13 | . 13 11 . 4 Robot Miss Streak 6 | . 6 4 . 3 Penetration Max . | . . . . . Secondary Targets . | . . . . . Shots Hit Robots 147 | . 115 12 . 20 Core Hits 72 | . 48 10 . 14 Critical Kills 1 | . 1 . . . Critical Parts Destroyed . | . . . . . Critical Strikes 1 | . 1 . . . Destroy 1 | . 1 . . . Melee Attacks 1 | . 1 . . . Impact 1 | . 1 . . . Slashing . | . . . . . Piercing . | . . . . . Sneak Attacks . | . . . . . Combat Hostiles . | . . . . . Follow-up Attacks . | . . . . . Damage Inflicted 1560 | . 902 219 . 439 Guns 1240 | . 902 112 . 226 Cannons . | . . . . . Explosions 320 | . . 107 . 213 Melee . | . . . . . Ramming . | . . . . . Kinetic 1240 | . 902 112 . 226 Thermal . | . . . . . Explosive 320 | . . 107 . 213 Electromagnetic . | . . . . . Impact . | . . . . . Slashing . | . . . . . Piercing . | . . . . . Highest Corruption . | . . . . . Average Corruption . | . . . . . Corruption Purged . | . . . . . Corruption Blocked . | . . . . . Overload Shots . | . . . . . Overflow Damage 10 | . . 10 . . Projectiles . | . . . . . Explosions 10 | . . 10 . . Melee . | . . . . . Knockbacks . | . . . . . Impact . | . . . . . Kinetic . | . . . . . Secondary . | . . . . . Self-Inflicted Damage 1 | . . 1 . . Shots 1 | . . 1 . . Rammed . | . . . . . Targets Rammed . | . . . . . Kicked . | . . . . . Crushed . | . . . . . Highest Temperature 36 | . 36 9 . 19 Average Temperature 9 | . 10 9 . 7 Received Heat Transfer 585 | . 309 63 . 213 Siege Activations . | . . . . . Robots Corrupted . | . . . . . Combat Hostiles . | . . . . . Parts Fried . | . . . . . Impact Corruptions . | . . . . . Robots Melted . | . . . . . Combat Hostiles . | . . . . . Parts Melted . | . . . . . Heat Transferred . | . . . . . Parts Sabotaged . | . . . . . Parts Stolen . | . . . . . Parts Stripped . | . . . . . Power Chain Reactions . | . . . . . Missiles Intercepted . | . . . . . Alert | -11 -10 -10 -10 -9 ------- Run | Jun Mat Min Exi Min Peak Influence 262 | . 262 172 . 168 Initial 31 | . . 31 . . Average 64 | . 94 45 . 42 Maximum Alert Level 1 | . 1 . . . Low Security (%) 96 | 100 92 100 . 100 Level 1 3 | . 7 . . . Level 2 . | . . . . . Level 3 . | . . . . . Level 4 . | . . . . . Level 5 . | . . . . . High Security . | . . . . . Max Security . | . . . . . Squads Dispatched 4 | . 4 . . . Investigation 2 | . 2 . . . Extermination . | . . . . . Reinforcement 2 | . 2 . . . Assault . | . . . . . Garrison . | . . . . . Intercept . | . . . . . Searches Triggered . | . . . . . Construction Impeded . | . . . . . Haulers Reinforced . | . . . . . Active Scanning Responses . | . . . . . Cargo Convoy Interrupts . | . . . . . Stealth | -11 -10 -10 -10 -9 --------- Run | Jun Mat Min Exi Min Distress Signals 1 | . 1 . . . Communications Jammed . | . . . . . Distress Signals . | . . . . . Times Spotted 42 | . 27 6 . 9 Peak Tracking Total 4 | . 4 3 . 3 Tactical Retreats 3 | . 1 1 . 1 Traps | -11 -10 -10 -10 -9 ------- Run | Jun Mat Min Exi Min Traps Triggered 2 | . 2 . . . Indirectly . | . . . . . Trap Hack Attempts . | . . . . . Triggered . | . . . . . Disarmed . | . . . . . Reprogrammed . | . . . . . Reused . | . . . . . Traps Extracted . | . . . . . Installed . | . . . . . Triggered . | . . . . . Machines | -11 -10 -10 -10 -9 ---------- Run | Jun Mat Min Exi Min Machines Disabled . | . . . . . Max in Single Turn . | . . . . . Machines Repaired . | . . . . . Machines Sabotaged . | . . . . . Overloaded Fab Kills . | . . . . . Hacking | -11 -10 -10 -10 -9 --------- Run | Jun Mat Min Exi Min Machines Accessed 10 | . 7 1 2 . Terminals 7 | . 6 1 . . Fabricators . | . . . . . Repair Stations 1 | . 1 . . . Recycling Units . | . . . . . Scanalyzers . | . . . . . Garrison Access . | . . . . . Total Hacks 26 | . 21 2 3 . Successful 13 | . 9 1 3 . Failed 13 | . 12 1 . . Catastrophic . | . . . . . Database Lockouts . | . . . . . Manual 12 | . 11 . 1 . Terminals 20 | . 18 2 . . Fabricators . | . . . . . Repair Stations 3 | . 3 . . . Recycling Units . | . . . . . Scanalyzers . | . . . . . Garrison Access . | . . . . . Terminal Hacks 10 | . 6 1 3 . Record 2 | . . . 2 . Part Schematic 2 | . 2 . . . Robot Analysis 2 | . 2 . . . Terminal Index 1 | . 1 . . . Hauler Manifests 1 | . 1 . . . Zone Layout 1 | . . 1 . . EX-Prototype ID Bank 1 | . . . 1 . Fabricator Hacks . | . . . . . Repair Station Hacks 2 | . 2 . . . Scan Component 1 | . 1 . . . Repair 1 | . 1 . . . Recycling Unit Hacks . | . . . . . Scanalyzer . | . . . . . Garrison Access Hacks . | . . . . . Unauthorized Hacks 1 | . 1 . . . Terminals 1 | . 1 . . . Botnet 1 | . 1 . . . Fabricators . | . . . . . Repair Stations . | . . . . . Recycling Units . | . . . . . Scanalyzers . | . . . . . Garrison Access . | . . . . . Data Cores Recovered . | . . . . . Used . | . . . . . Hacking Detections 8 | . 7 1 . . Full Trace Events . | . . . . . Feedback Events . | . . . . . Feedback Blocked . | . . . . . Robot Schematics Acquired . | . . . . . Robots Built . | . . . . . Authchips . | . . . . . Time . | . . . . . Total Robot Build Rating . | . . . . . Part Schematics Acquired 2 | . 2 . . . Parts Built . | . . . . . Authchips . | . . . . . Time . | . . . . . Total Part Build Rating . | . . . . . Parts Repaired 1 | . 1 . . . Time 26 | . 26 . . . Parts Recycled . | . . . . . Recycled Matter . | . . . . . Retrieved Matter . | . . . . . Retrieved Components . | . . . . . Parts Scanalyzed . | . . . . . Part Schematics Acquired . | . . . . . Parts Damaged . | . . . . . Bothacking | -11 -10 -10 -10 -9 ------------ Run | Jun Mat Min Exi Min Used RIF Installer . | . . . . . Robots Hacked . | . . . . . Non-combat . | . . . . . Combat . | . . . . . Robot Hacks Applied . | . . . . . Relay Couplers Released . | . . . . . Fabnet Peak Effective % . | . . . . . Robots Rewired . | . . . . . Allies Hacked . | . . . . . Hacks Repelled . | . . . . . Allies | -11 -10 -10 -10 -9 -------- Run | Jun Mat Min Exi Min Total Allies . | . . . . . Largest Group . | . . . . . Highest-Rated Group . | . . . . . Highest-Rated Ally . | . . . . . Total Orders . | . . . . . Ally Attacks . | . . . . . Total Damage . | . . . . . Kills . | . . . . . Allies Corrupted . | . . . . . Allies Melted . | . . . . . Intel | -11 -10 -10 -10 -9 ------- Run | Jun Mat Min Exi Min Robot Analysis Total 2 | . 2 . . . Derelict Logs Recovered 3 | . . 1 . 2 Drone Launches . | . . . . . Drone Recoveries . | . . . . . Exploration | -11 -10 -10 -10 -9 ------------- Run | Jun Mat Min Exi Min Turns Passed 4061 | 69 1536 1166 466 824 Spaces Moved 2133 | 42 751 696 291 353 Core 10 | 10 . . . . Treads 1979 | 32 751 696 265 235 Legs . | . . . . . Wheels 144 | . . . 26 118 Hover . | . . . . . Flight . | . . . . . Fastest Speed 50 | 50 160 160 140 140 Average Speed 167 | 136 160 160 158 206 Slowest Speed 240 | 160 160 160 160 240 Overloaded Moves . | . . . . . Propulsion Burnouts . | . . . . . Robots Hopped . | . . . . . Cave-ins Triggered . | . . . . . Exploration Rate (%) 68 | 3 96 89 71 85 Regions Visited 4 Branch Regions 3 Pre-discovered Areas 1 | . . . 1 . Known Exits Taken . | . . . . . Unknown Exits Taken 4 | 1 1 1 1 . Scrap Searched 2 | . . 1 . 1 Spaces Dug 1 | . 1 . . . Terrain Destroyed 58 | . 1 28 . 29 Melee 1 | . 1 . . . Projectile . | . . . . . AOE 57 | . . 28 . 29 Terrain Rammed . | . . . . . Walls Destroyed . | . . . . . Machines Disabled . | . . . . . Actions | -11 -10 -10 -10 -9 --------- Run | Jun Mat Min Exi Min Total 2445 | 51 955 725 297 417 Wait 139 | . 89 11 . 39 Move 2129 | 41 750 695 290 353 Hop . | . . . . . Pick Up 24 | 5 13 2 2 2 Fast Attach 6 | 5 1 . . . Attach 7 | . 5 . . 2 Detach 1 | . 1 . . . Swap 15 | . 7 2 3 3 Drop 10 | . 7 1 2 . Fire 113 | . 81 14 . 18 Melee 1 | . 1 . . . Ram . | . . . . . Kick . | . . . . . Crush . | . . . . . Escape Stasis . | . . . . . Rewire . | . . . . . Trap . | . . . . . Miscellaneous . | . . . . . Route ------- -11/Junkyard -10/Materials (discovered 3 exits: [*Mat x2] / *Min) -10/Mines -10/Exiles -9/Mines (discovered 2 exits: [*Mat x2]) History --------- Turn | Location | Event 15 | -11/Junkyard | Discovered new exit (range 16) 70 | -11/Junkyard | Entered Materials 109 | -10/Materials | Discovered new exit (range 12) 228 | -10/Materials | Discovered new exit (range 15) 319 | -10/Materials | Build established: Mutant 514 | -10/Materials | Discovered new exit (range 16) 1037 | -10/Materials | Repaired Lgt. Treads 1606 | -10/Materials | Entered Mines 1626 | -10/Mines | Met a Derelict bent on vengeance 1759 | -10/Mines | Core integrity fell below 50% 1852 | -10/Mines | A weapon hastily lodged in a ceiling crevice suddenly fell to the ground 1995 | -10/Mines | Assembled infested the area 2000 | -10/Mines | Assisted by a Guerilla fighting off Assembled 2268 | -10/Mines | Deemed a non-threat by the Exiles lab entrance 2270 | -10/Mines | Discovered new exit (range 5) 2443 | -10/Mines | Found a damaged Exp. Sensor Array with a note attached 2446 | -10/Mines | Found Prototype Device 2772 | -10/Mines | Entered Exiles 2809 | -10/Exiles | Met 8R-AWN 2838 | -10/Exiles | Met EX-HEX 2888 | -10/Exiles | Met EX-BIN 2905 | -10/Exiles | Aligned with FarCom system 2907 | -10/Exiles | Given EX-Vault access code 2944 | -10/Exiles | Opened EX-Vault 2957 | -10/Exiles | Found YOLO Cannon 2995 | -10/Exiles | Warned to stay clear of 0b10 Research branches 3086 | -10/Exiles | Met EX-DEC 3115 | -10/Exiles | Learned location of Zion (-7) 3227 | -10/Exiles | Discovered new exit (range 10) 3238 | -10/Exiles | Left Exiles lab with YOLO Cannon 3238 | -10/Exiles | Entered Mines 3245 | -9/Mines | Received a Rocket Launcher from a helpful Derelict 3313 | -9/Mines | Discovered new exit (range 15) 3561 | -9/Mines | Learned Materials terminal intel 3784 | -9/Mines | Discovered new exit (range 10) 4042 | -9/Mines | Core integrity fell below 20% 4062 | -9/Mines | Destroyed by G-47 Trooper with Particle Gun Last Messages --------------- 03498_ Lgt. Assault Rifle destroyed. 03521_ G-34 Mercenary destroyed. 03524_ G-47 Trooper destroyed. 03530_ Acquired 44 matter. 03532_ U-05 Engineer lays Concrete. 03534_ U-05 Engineer builds a Wall. 03535_ Acquired 40 matter. 03541_ U-05 Engineer builds a Wall. 03561_ Acquired derelict log, extracted data. Data stored: Materials terminal intel. 03578_ K-01 Serf collects debris. 03784_ EXIT=FOUND 03881_ K-01 Serf cleans the Laser Drill. 03923_ Searching scrap... 03923_ Found Utility Shielding. 03923_ Found 24 Matter. 03924_ Acquired 24 matter. 03928_ Acquired Utility Shielding. 04026_ K-01 Serf collects debris. 04055_ G-34 Mercenary destroyed. Map ----- +----------------------------------------------------+ | ???# ##???????????????????????????????????? | | ???# #????????????????????????????????????? | | ???# #????????????????????????????????????? | | ???## ##????????????????????????????????????? | | ???# ########?????????????????????????????? | | ???# ##????###?????????????????????? | | #### #???# #?????????????????????? | | # #??? ##????????????????????? | | # ## ##?? ##???????????????????? | | # ### ### #???????????????????? | | # #?## #???????????????????? | | # #??## #### #????????????????????? | | # #???####??## #????????????????????? | | # #??????????## ##????????????????????? | | # #?????####??## ##?????#???????????????? | | # #?????# #?## #????? #???????????????? | | # #?????# ## ##??? ##??????????????? | | # #?????# ### #??????????????? | | ##????### ##?????????????? | | ##?????## #?????????????? | | ##?????### ???????????? | | #???????#### ##### ?????????????? | | #?????????## #????? ?????????????? | | #??????????### #?????????????????????? | | #????????????# ###### #??????????????? | | #????????????# !g*@ #??????????????? | | ##????????????# ########??????????????? | | #?????????????# #?????????????????????? | | #?????????????# #????????#########????? | | ## ##?????????????# #???????## ## ##???? | | ??# #??????????????# #???????# ##??? | | ???###??????????????# #??????## #??? | | ????????????????????# #??????# ##?? | | ????????????????????# #?????## ## ##? | | ???????????????????? #????## #### #? | | ????????????????? #???## ##??# #? | | #??????????????? ????# ##???# ##? | | ##?? ?? #?????? ????# ##???## #?? | | ### ???????? ????## #??### ##?? | | ?????????# #????## #?## ##??? | | #?????????????# ?????# #?# ##??? | | #### ##??????????????# ###### #?# #??? | | ???? ??????????????????# #?## #??? | | ???? ??????????????????# #??## #??? | | #??? ##????????????????# ##???# ##??? | | #### #????????????????# ##???# ##??? | | ## #????????????????# #???## #??? | | # #????????????????## #????## #??? | | # #?????????????????## ##?????#####??? | | # #?????????????????## < ##?????????????? | +----------------------------------------------------+ Best States ------------- Heat Dissipation 25 Energy Generation 10 Energy Capacity 250 Matter Stores 300 Matter Capacity 300 Sight Range 16 Terrain Scan Density 10 Evasion (%) 50 Recoil Reduction 2 Item Schematics ----------------- Huge Storage Unit | -10/Materials | Hacked Hcp. Storage Unit | -10/Materials | Hacked Robot Schematics ------------------ None Fabricated ------------ Nothing Alien Tech Used ----------------- None Achievements -------------- None Challenges ------------ None Game ------ Seed DefenseLightpackTearclaws Manual? 0 Play Time 00:23:29 Cumulative 160.7 hours Start 2023.04.03 @ 00:28:24 End 2023.04.03 @ 00:58:13 Sessions 1 Manual Loads 0 Difficulty Rogue Special Mode None Game No. 85 Rogue 85 Adventurer 0 Explorer 0 Win Type - Total 2 Types 2/0/0/0/0/0/0/0/0 Lore% 52 Gallery% 64 Achievement% 54 Wizard Run 0 Options --------- ASCII 0 Keyboard 1 Movement Vi Keybinds 0 Fullscreen 1 Font 12/Smallcaps Map View 83x54 Tactical HUD 1 Map Filters NONE Filters NONE Steam 1 RUN: 5efb23e0-a7e1-4f5b-b739-3582585fd23e